Map: Ночной сумрак РВ

Players

Lopatqa - Winner!

  • Race: Zerg Zerg
  • League: Master
  • Spawn Location: 11:00

Kantara

  • Race: Protoss Protoss
  • League: Diamond
  • Spawn Location: 5:00

VOD

Have the link to the VOD?

Description

Time

  • Played on: Dec. 4, 2020, 7:48 a.m.
  • Length: 19:32
Show
View Real Time Build Order
Export as new Build Order

Lopatqa Zerg - Winner!

Build Orders: Pool First, Lurkers 

Get SALT Encoding   

  12  0:18  Spawning Pool  
  11  0:22  Drone  
  11  0:26  Drone  
  13  0:32  Drone  
  14  0:41  Overlord  
  14  1:05  Zergling x4  
  14  1:06  Zergling x2  
  17  1:16  Hatchery  
  16  1:24  Zergling x2  
  17  1:33  Queen  
  17  1:36  Zergling x2, Extractor  
  19  1:48  Drone  
  20  2:02  Zergling x2  
  20  2:03  Drone  
  21  2:17  Overlord  
  21  2:28  Queen  
  23  2:37  Drone  
  23  2:38  Drone x2  
  23  2:42  Queen  
  28  2:58  Drone x3  
  31  3:04  Metabolic Boost  
  31  3:12  Drone  
  32  3:19  Pneumatized Carapace  
  32  3:36  Hatchery  
  31  3:48  Drone  
  31  3:51  Drone x4  
  36  4:03  Overlord  
  36  4:05  Overlord  
  36  4:10  Lair  
  36  4:36  Drone x6  
  36  4:37  Drone x5  
  47  4:52  Drone  
  48  4:53  Drone x4  
  48  4:57  Spore Crawler  
  51  5:01  Drone x2  
  53  5:08  Spore Crawler  
  53  5:10  Queen  
  54  5:18  Evolution Chamber, Hydralisk Den  
  51  5:24  Queen x2  
  51  5:27  Drone x2  
  57  5:30  Overlord  
  57  5:31  Overlord x2  
  57  5:44  Overlord  
  57  5:45  Overlord  
  57  5:47  Zerg Missile Weapons Level 1  
  57  5:48  Muscular Augments  
  57  6:02  Drone  
  57  6:03  Overlord x2, Extractor  
  57  6:05  Drone x3, Extractor  
  57  6:06  Extractor  
  57  6:12  Spore Crawler x2  
  57  6:15  Drone x4  
  57  6:16  Drone x5  
  62  6:25  Drone x2  
  64  6:26  Spore Crawler  
  64  6:27  Spore Crawler  
  64  6:30  Drone x3  
  65  6:42  Drone  
  65  6:45  Extractor, Drone x3  
  65  6:46  Drone x3  
  70  6:59  Hydralisk x4  
  78  7:02  Overlord  
  78  7:10  Hydralisk  
  78  7:14  Drone  
  78  7:15  Drone x3  
  84  7:16  Extractor  
  83  7:31  Hydralisk x4  
  83  7:34  Zergling x2  
  83  7:35  Zergling x6  
  95  7:55  Hatchery  
  94  8:07  Drone x2  
  94  8:08  Hydralisk x7  
  94  8:09  Overlord  
  94  8:10  Overlord x4  
  110  8:14  Hatchery  
  110  8:16  Drone  
  110  8:18  Drone  
  111  8:22  Drone x2  
  113  8:34  Infestation Pit, Drone  
  113  8:36  Drone x2  
  115  8:44  Hydralisk x3  
  121  8:51  Drone  
  121  8:52  Drone  
  122  9:11  Hydralisk  
  122  9:12  Hydralisk x10  
  143  9:24  Zerg Missile Weapons Level 2  
  143  9:30  Evolution Chamber x2  
  143  9:31  Hive  
  141  9:33  Hatchery  
  140  9:47  Hydralisk x9  
  158  10:10  Drone  
  158  10:11  Drone x15  
  158  10:13  Overlord  
  158  10:14  Overlord x2  
  174  10:15  Overseer x2  
  174  10:16  Zerg Ground Armor Level 1  
  174  10:18  Zerg Melee Weapons Level 1  
  174  10:28  Spore Crawler  
  174  10:29  Spore Crawler  
  174  10:30  Drone x2  
  174  10:31  Spore Crawler  
  174  10:33  Drone x3  
  176  10:37  Extractor  
  176  10:39  Extractor  
  174  10:48  Hydralisk  
  174  10:49  Hydralisk x10  
  194  10:50  Hydralisk  
  194  10:56  Lurker Den  
  193  11:13  Hydralisk  
  193  11:14  Hydralisk x5  
  177  11:22  Hydralisk x3  
  132  11:32  Hydralisk x3  
  132  11:36  Zergling x22  
  132  11:37  Zergling x22  
  160  11:52  Drone x7  
  167  12:09  Lurker x2  
  167  12:10  Lurker x6  
  175  12:18  Extractor  
  175  12:19  Extractor  
  175  12:21  Zerg Missile Weapons Level 3  
  173  12:24  Zerg Melee Weapons Level 2  
  173  12:25  Zergling x2  
  173  12:26  Zergling x36  
  192  12:34  Adrenal Glands  
  192  12:42  Overlord  
  192  12:43  Overlord x4  
  192  12:45  Zergling x8  
  196  13:00  Baneling Nest  
  195  13:11  Hydralisk x2  
  195  13:12  Hydralisk x7  
  198  13:14  Lurker  
  198  13:15  Lurker  
  196  13:33  Hydralisk x10  
  196  13:34  Hydralisk  
  196  14:07  Spore Crawler x3  
  196  14:09  Spore Crawler  
  192  14:10  Spore Crawler x2  
  192  14:11  Drone x3  
  192  14:12  Spore Crawler, Drone x8  
  192  14:15  Spore Crawler  
  192  14:16  Spore Crawler x2  
  197  14:17  Spore Crawler  
  197  14:22  Seismic Spines, Spire x2  
  168  14:35  Hydralisk  
  168  14:36  Hydralisk x15  
  171  15:10  Hydralisk x14  
  196  15:19  Adaptive Talons  
  196  15:21  Hydralisk x2  
  186  15:42  Hydralisk x6  
  186  15:43  Hydralisk  
  186  15:45  Greater Spire  
  186  15:48  Zerg Flyer Armor Level 1  
  200  16:14  Spine Crawler  
  200  16:16  Spine Crawler  
  200  16:17  Spine Crawler  
  197  17:21  Lurker x4  
  197  17:22  Lurker  
  176  17:59  Hydralisk x6  
  176  18:00  Hydralisk x6  
  200  18:13  Hydralisk x2  
  200  18:14  Hydralisk  
  184  18:25  Hydralisk x4  
  184  18:26  Hydralisk x7  
  192  18:43  Hydralisk x8  
  197  19:17  Hatchery  
  197  19:21  Hatchery  
Show
View Real Time Build Order
Export as new Build Order

Kantara Protoss 

Build Orders:  

Get SALT Encoding   

  12  0:00  Probe  
  13  0:12  Probe  
  14  0:18  Pylon  
  14  0:24  Probe (Chrono Boost)  
  15  0:37  Probe (Chrono Boost)  
  15  0:40  Gateway  
  16  0:44  Probe (Chrono Boost)  
  16  0:47  Assimilator  
  17  0:51  Probe  
  18  1:03  Probe  
  19  1:15  Probe  
  20  1:23  Gateway  
  20  1:27  Zealot (Chrono Boost)  
  22  1:34  Probe  
  22  1:36  Pylon  
  22  1:38  Assimilator  
  23  1:45  Pylon  
  23  1:49  Cybernetics Core  
  23  2:02  Probe  
  22  2:27  Adept (Chrono Boost)  
  24  2:33  Gateway  
  24  2:35  Pylon  
  24  2:39  Warp Gate  
  24  2:41  Probe  
  25  2:45  Shield Battery  
  25  2:48  Gateway  
  25  2:55  Shield Battery  
  25  3:01  Gateway  
  25  3:08  Gateway  
  25  3:10  Probe  
  26  3:23  Stargate  
  26  3:25  Probe  
  27  3:33  Nexus  
  27  3:41  Adept  
  29  3:44  Probe (Chrono Boost)  
  31  3:57  Probe (Chrono Boost)  
  31  4:03  Probe (Chrono Boost)  
  31  4:05  Void Ray  
  32  4:11  Probe  
  37  4:23  Probe  
  38  4:35  Probe (Chrono Boost)  
  40  4:46  Probe (Chrono Boost)  
  40  4:47  Probe (Chrono Boost)  
  40  4:48  Void Ray  
  40  4:50  Assimilator  
  41  4:55  Probe x2 (Chrono Boost)  
  47  5:00  Probe (Chrono Boost)  
  47  5:01  Probe  
  49  5:11  Probe  
  49  5:13  Stargate, Probe  
  51  5:20  Assimilator  
  51  5:24  Probe (Chrono Boost)  
  53  5:29  Probe (Chrono Boost)  
  54  5:36  Probe (Chrono Boost)  
  54  5:42  Pylon  
  54  5:44  Pylon  
  54  5:54  Void Ray  
  54  5:57  Nexus  
  54  5:58  Pylon  
  54  6:00  Probe x2  
  60  6:12  Void Ray, Probe x2  
  66  6:24  Probe x2  
  68  6:31  Void Ray  
  68  6:36  Probe x2  
  74  6:43  Robotics Facility  
  74  6:46  Robotics Facility  
  74  6:48  Twilight Council  
  74  6:50  Forge  
  74  7:00  Probe  
  74  7:01  Probe  
  76  7:11  Probe  
  76  7:12  Probe  
  76  7:13  Probe  
  79  7:18  Pylon  
  79  7:20  Pylon  
  79  7:22  Pylon  
  79  7:23  Probe  
  79  7:24  Probe  
  79  7:25  Probe  
  82  7:31  Observer  
  82  7:33  Protoss Ground Weapons Level 1 (Chrono Boost), Robotics Bay  
  82  7:35  Probe  
  82  7:36  Templar Archives, Probe  
  85  7:37  Probe  
  85  7:39  Pylon  
  85  7:40  Charge  
  85  7:41  Pylon  
  85  7:43  Observer  
  87  7:47  Probe  
  87  7:48  Probe  
  87  7:49  Probe  
  90  7:59  Probe  
  90  8:01  Probe x2  
  93  8:06  Assimilator  
  93  8:08  Immortal x2  
  93  8:09  Assimilator  
  93  8:11  Probe  
  102  8:16  Psionic Storm  
  102  8:17  Gateway  
  102  8:18  Gateway  
  102  8:19  High Templar  
  104  8:22  Gateway  
  102  8:38  Shield Battery  
  101  8:47  Colossus x2  
  101  8:49  Pylon, Probe x2, Nexus  
  101  8:50  Probe  
  101  8:53  Assimilator  
  101  8:54  Assimilator  
  114  9:02  Zealot  
  111  9:20  Shield Battery  
  111  9:22  Probe x3  
  111  9:23  Extended Thermal Lance (Chrono Boost)  
  113  9:34  Probe  
  113  9:36  Protoss Air Weapons Level 1  
  110  9:40  High Templar x3  
  113  9:49  Archon  
  113  9:51  Sentry  
  113  9:52  High Templar  
  98  10:09  Probe (Chrono Boost), Nexus  
  98  10:12  Probe (Chrono Boost)  
  98  10:13  Shield Battery, Probe (Chrono Boost)  
  101  10:15  Photon Cannon  
  101  10:16  Photon Cannon  
  101  10:17  Protoss Ground Weapons Level 2 (Chrono Boost)  
  101  10:18  Photon Cannon  
  101  10:21  Probe (Chrono Boost)  
  104  10:22  Probe (Chrono Boost)  
  104  10:25  Warp Prism  
  104  10:26  Probe (Chrono Boost)  
  104  10:27  Probe (Chrono Boost), High Templar  
  109  10:28  High Templar  
  109  10:33  Probe  
  112  10:37  Zealot x4  
  112  10:40  Archon  
  120  10:47  Probe x2 (Chrono Boost)  
  123  10:52  Probe (Chrono Boost)  
  125  10:57  Probe x2 (Chrono Boost)  
  125  11:00  Probe (Chrono Boost)  
  106  11:29  Probe x2 (Chrono Boost)  
  110  11:34  Probe x2 (Chrono Boost)  
  110  11:38  Photon Cannon  
  110  11:39  Photon Cannon  
  110  11:40  Shield Battery  
  110  11:41  Pylon, Probe x2 (Chrono Boost)  
  110  11:42  Probe x2 (Chrono Boost)  
  110  11:45  High Templar  
  110  11:46  High Templar x5  
  126  11:53  Probe x2  
  128  11:57  Protoss Air Armor Level 1, Probe x2  
  130  12:02  Fleet Beacon  
  130  12:03  Gateway  
  130  12:05  Gateway, Probe  
  130  12:06  Pylon  
  130  12:08  Pylon  
  131  12:09  Probe x3  
  134  12:16  Archon x2  
  134  12:18  High Templar x3  
  134  12:21  Zealot x3  
  146  12:23  Probe  
  146  12:24  Probe x3  
  150  12:31  Pylon  
  150  12:33  Colossus (Chrono Boost)  
  150  12:35  Protoss Ground Armor Level 1  
  156  12:37  Disruptor (Chrono Boost)  
  159  12:48  Probe x3  
  159  12:49  Probe  
  163  13:06  Probe x2  
  165  13:19  Nexus  
  165  13:22  Shield Battery  
  165  13:25  Zealot x5  
  165  13:26  Zealot  
  161  13:39  Probe x3  
  161  13:40  Probe  
  165  13:51  Disruptor x2, Probe x2  
  165  13:52  Probe x2  
  175  14:03  Probe x2  
  175  14:04  Probe x2  
  179  14:15  Pylon, Probe  
  179  14:17  Pylon  
  180  14:28  Pylon, Probe x4  
  180  14:31  Pylon  
  165  14:33  Pylon  
  153  14:40  Probe x3  
  153  14:41  Probe  
  157  14:52  Probe  
  158  14:55  Probe x3  
  158  14:57  High Templar x8  
  177  15:04  Probe, Assimilator  
  178  15:07  Probe  
  178  15:08  Assimilator  
  178  15:12  Pylon  
  179  15:15  Shield Battery, Archon x2  
  179  15:16  Archon x2  
  179  15:17  Shield Battery  
  178  15:25  Carrier x2  
  164  15:49  Probe x3  
  166  15:54  Disruptor (Chrono Boost)  
  169  16:02  Probe x2  
  169  16:03  Probe  
  172  16:15  Disruptor (Chrono Boost)  
  172  16:16  Nexus  
  175  16:19  Assimilator  
  175  16:21  Pylon  
  175  16:22  Mothership  
  175  16:23  Pylon  
  183  16:27  Disruptor (Chrono Boost), Protoss Ground Weapons Level 3 (Chrono Boost)  
  186  16:43  Disruptor  
  195  16:47  Carrier  
  193  16:55  Photon Cannon  
  193  16:57  Photon Cannon  
  193  16:59  Photon Cannon  
  193  17:00  Photon Cannon  
  193  17:03  Pylon  
  193  17:05  Pylon  
  193  17:06  Pylon  
  177  17:49  Gravitic Boosters  
  177  17:51  Observer x2  
  173  18:11  Disruptor  
  138  18:40  Probe x2  
  138  18:41  Probe  
  141  18:47  Disruptor  
  134  18:56  Nexus  
  134  19:00  Probe x2  
  134  19:01  Probe x2  
Tags
 
Add a new tag
Caveats
  • Supply blocks, unpowered buildings, or Contaminate may cause inaccurate times.
  • Supply counts are checked every 10 seconds.